 Dungeon Crawl Stone Soup version 0.19.3-1-g3169bf9 (webtiles) character file.

104 ChocoTaco the Chopper (level 4, -2/39 HPs)
             Began as a Hill Orc Fighter on Jan 26, 2017.
             Was a Follower of Sif Muna.
             Slain by miculber's ghost (6 damage)
             ... on level 3 of the Dungeon.
             The game lasted 00:01:23 (1853 turns).

ChocoTaco the Chopper (Hill Orc Fighter)            Turns: 1853, Time: 00:01:24

Health: -2/39      AC:  8    Str: 19    XL:     4   Next: 80%
Magic:  4/4        EV:  7    Int:  8    God:    Sif Muna [*.....]
Gold:   45         SH:  9    Dex: 10    Spells: 0 memorised, 3 levels left

rFire  . . .     SeeInvis .     a - +0 war axe
rCold  . . .     Gourm    .     b - +0 scale mail
rNeg   . . .     Faith    .     c - +0 shield
rPois  .         Spirit   .     t - +0 helmet (curse)
rElec  .         Reflect  .     (no cloak)
rCorr  .         Harm     .     (no gloves)
MR     .....                    (no boots)
Stlth  ..........               (no amulet)
                                (no ring)
                                (no ring)

@: no status effects
A: no striking features
a: Divine Energy, Renounce Religion


You were on level 3 of the Dungeon.
You worshipped Sif Muna.
Sif Muna was aware of your devotion.
You were not hungry.

You visited 1 branch of the dungeon, and saw 3 of its levels.

You collected 45 gold pieces.

Inventory:

Hand Weapons
 a - a +0 war axe (weapon)
Armour
 b - a +0 scale mail (worn)
 c - a +0 shield (worn)
 t - a cursed +0 helmet (worn)
Scrolls
 h - a scroll of remove curse {unknown}
 j - 2 scrolls of magic mapping {unknown}
 k - a scroll of blinking {unknown}
 p - a scroll of identify {unknown}
 s - 3 scrolls of immolation {unknown}
 v - a scroll of recharging {unknown}
Potions
 d - 2 potions of might
 e - a potion of lignification {unknown}
 l - a potion of berserk rage {unknown}
 m - a potion of flight {unknown}
 o - a potion of haste {unknown}
 q - 2 potions of agility {unknown}
 r - a potion of degeneration {unknown}
 u - a potion of mutation {unknown}
Comestibles
 f - 2 bread rations
 g - 7 chunks of flesh
 i - a meat ration
 n - 5 fruits


   Skills:
 - Level 3.6 Fighting
 + Level 6.4 Axes
 - Level 3.2 Armour
 - Level 3.2 Shields


You had 3 spell levels left.
You didn't know any spells.

Dungeon Overview and Level Annotations

Branches:
Dungeon (3/15)

Altars:
Sif Muna
Xom

Annotations:
D:3 miculber's ghost, amateur FoAK


Message History

The bat hits you but does no damage. You block the bat's attack.
Miculber's ghost whispers, "It is all a dream - a grotesque and foolish dream."
Miculber's ghost hits you but does no damage.
The worm bites you. The bat hits you but does no damage.
You block miculber's ghost's attack. The worm closely misses you.
Miculber's ghost hits you but does no damage.
The bat misses you. You block the bat's attack.
Miculber's ghost hits you but does no damage.
The worm closely misses you.
You block the bat's attack. x2; Miculber's ghost hits you.
The bat hits you. Miculber's ghost hits you!
* * * LOW HITPOINT WARNING * * *
x2 The worm barely misses you.
You block the bat's attack.
Miculber's ghost hits you but does no damage.
The worm bites you.
* * * LOW HITPOINT WARNING * * *
The bat barely misses you. Miculber's ghost hits you.
You die...

..........# #......
..............# #......
.............# #......
............# ##.###.
..........######.#...
..#...............#.
#l#...............##
...#.#W######.........)#
......w@...............##
........b.............<..
.........................
.........................
............#............
....####.#..#..........##
.... #....#..<.......#
### ###.....###.....##
.....#.#..#


You could see a worm, miculber's ghost, a bat and a frilled lizard.

Vanquished Creatures
  Jessica (D:3)
  2 adders
  An ooze (D:2)
  2 worms
  A dart slug (D:2)
  3 leopard geckos
  3 giant cockroaches
  8 hobgoblins
  3 jackals (D:1)
  A quokka (D:2)
  A ball python (D:1)
  3 bats
  8 goblins
  4 kobolds
  2 rats
43 creatures vanquished.

Notes
Turn   | Place    | Note
-------+----------+-------------------------------------------
     0 | D:1      | ChocoTaco the Hill Orc Fighter began the quest for the Orb.
     0 | D:1      | Reached XP level 1. HP: 19/19 MP: 1/1
    46 | D:1      | Reached skill level 3 in Axes
   171 | D:1      | Reached XP level 2. HP: 25/26 MP: 2/2
   393 | D:1      | Reached skill level 4 in Axes
   870 | D:2      | Reached XP level 3. HP: 27/31 MP: 3/3
  1100 | D:2      | Reached skill level 5 in Axes
  1324 | D:2      | Reached XP level 4. HP: 28/39 MP: 4/4
  1461 | D:2      | Found a shimmering altar of Xom.
  1658 | D:3      | Noticed Jessica
  1665 | D:3      | Killed Jessica
  1665 | D:3      | Reached skill level 6 in Axes
  1719 | D:3      | Found a faded altar of an unknown god.
  1730 | D:3      | Became a worshipper of Sif Muna the Loreminder
  1730 | D:3      | Reached * piety under Sif Muna
  1833 | D:3      | Noticed miculber's ghost (amateur FoAK)
  1853 | D:3      | Slain by miculber's ghost

Skill      XL: |  1  2  3  4 |
---------------+-------------+-----
Axes           | 3 4 5 6 |  6.4
Fighting       | |  3.6
Armour         | |  3.2
Shields        | |  3.2

Action                   |  1- 3 |  4- 6 || total
-------------------------+-------+-------++-------
Melee: War axe           |   109 |    34 ||   143
  Eat: Chunk             |     1 |     2 ||     3
Armor: Scale mail        |    36 |    28 ||    64
Dodge: Dodged            |    30 |    17 ||    47
Block: Shield            |    59 |    26 ||    85
